 Dungeon Crawl Stone Soup version 0.30-a0-782-ge64f9170bb (webtiles) character file.

Game seed: 5142175839933527294

277 mopl the Slasher (level 6, 0/47 HPs)
             Began as a Merfolk Warper on Mar 16, 2023.
             Slain by an iguana (8 damage)
             ... on level 4 of the Dungeon.
             The game lasted 00:03:45 (2458 turns).

mopl the Slasher (Merfolk Warper)                   Turns: 2458, Time: 00:03:46

Health: 0/47       AC:  7    Str: 13    XL:     6   Next: 25%
Magic:  10/10      EV: 12    Int: 12    God:
Gold:   269        SH:  0    Dex: 14    Spells: 3/10 levels left

rFire   . . .      SeeInvis .    a - +0 falchion
rCold   . . .      Faith    .    (no shield)
rNeg    . . .      Spirit   .    p - +0 ring mail
rPois   .          Reflect  .    (no helmet)
rElec   .          Harm     .    (no cloak)
rCorr   .          Rampage  .    h - +0 pair of gloves
Will    .....                    q - +0 pair of boots
Stlth   +                        (no amulet)
HPRegen 0.27/turn                (no ring)
MPRegen 0.12/turn                (no ring)

@: no status effects
A: (nimble swimmer 2), mertail
a: no special abilities


You were on level 4 of the Dungeon.
You visited 1 branch of the dungeon, and saw 4 of its levels.

You collected 269 gold pieces.

Inventory:

Hand Weapons
 a - a +0 falchion (weapon)
Missiles
 d - 7 boomerangs of dispersal (quivered)
 s - 2 javelins
Armour
 h - a +0 pair of gloves (worn)
 p - a +0 ring mail (worn)
 q - a +0 pair of boots (worn)
Jewellery
 i - a ring of fire
 j - a ring of ice
Scrolls
 c - 2 scrolls of blinking
 g - a scroll of fog {unknown}
 k - a scroll of fear
 l - a scroll of teleportation {unknown}
 m - 2 scrolls of magic mapping {unknown}
Potions
 b - a potion of heal wounds
 e - a potion of curing
 n - 2 potions of resistance
 o - a potion of might
 r - a potion of haste


   Skills:
 + Level 3.2 Fighting
 * Level 4.5 Long Blades
 - Level 1.0 Throwing
 + Level 1.6 Armour
 + Level 4.0 Dodging
 + Level 2.9 Spellcasting
 + Level 3.1 Translocations


You had 3 spell levels left.
You knew the following spells:

 Your Spells              Type           Power      Damage    Failure   Level
a - Vhi's Electric Charg  Tloc/Air       10%        N/A       63%         3
b - Lesser Beckoning      Tloc           18%        N/A       22%         2
e - Blink                 Tloc           18%        N/A       22%         2

Your spell library contained the following spells:

 Spells                   Type           Power      Damage    Failure   Level
 Apportation              Tloc           18%        N/A       14%         1
 Teleport Other           Tloc           9%         N/A       41%         3
 Necrotise                Necr           4%         1d4       47%         1
 Sting                    Tmut/Pois      4%         1d3       47%         1
 Summon Small Mammal      Summ           4%         N/A       47%         1
 Poisonous Vapours        Pois/Air       2%         N/A       63%         2
 Dazzling Flash           Conj/Hex       2%         N/A       85%         3
 Manifold Assault         Tloc           9%         N/A       82%         4
 Iskenderun's Mystic Bla  Conj/Tloc      5%         2d3       95%         4
 Olgreb's Toxic Radiance  Pois           1%         N/A       99%         4
 Starburst                Conj/Fire      0%         6d3       100%        6


Dungeon Overview and Level Annotations

Branches:
Dungeon (4/15)
 Temple: D:4-7

Altars:
Cheibriados
Elyvilon
Wu Jian


Innate Abilities, Weirdness & Mutations

((You are very nimble when in or above water. (Stealth+, EV+, Speed+++)))
Your lower body shifts to a powerful aquatic tail in water.


Message History

You hit the iguana.
The iguana is heavily wounded.
The kobold barely misses you. The iguana bites you!
You are too injured to fight recklessly!
You are too injured to fight recklessly!
You are too injured to fight recklessly!
You are too injured to fight recklessly!
You are too injured to fight recklessly!
You are too injured to fight recklessly!
You are too injured to fight recklessly!
You are too injured to fight recklessly!
You are too injured to fight recklessly!
You are too injured to fight recklessly!
You are too injured to fight recklessly!
You are too injured to fight recklessly!
You are too injured to fight recklessly!
You are too injured to fight recklessly!
You are too injured to fight recklessly!
You are too injured to fight recklessly!
You are too injured to fight recklessly!
You barely miss the iguana.
The iguana is heavily wounded.
The kobold barely misses you. The iguana bites you!
* * * LOW HITPOINT WARNING * * *
You barely miss the iguana.
The iguana is heavily wounded.
The kobold closely misses you. The iguana closely misses you.
You hit the iguana but do no damage.
The iguana is heavily wounded.
The kobold barely misses you.
The iguana hisses menacingly.
The iguana barely misses you. The iguana bites you.
* * * LOW HITPOINT WARNING * * *
The kobold hits you but does no damage.
You hit the iguana.
The iguana is severely wounded.
The kobold hits you with a +0 dagger.
* * * LOW HITPOINT WARNING * * *
The iguana bites you!
You die...

#...#...#.####
###....
.#.#.#.#.#.##
.......
.#...#...#..
.......
.#.#.#.#.#.#.###
.......#
.#...#...# #..
###....
.#.#.#.#.#. #.#
#.#.#+ ....#...#..
#... #.#...
#.#.#/#.#K#l#.#
+.#...
.#...#...#@..#.
#.....
.#.#.#.#.#.#.#.#
#.....
.....#...#...#..
#.....
..#.#.#.#.#.#.#.#
.....g.
...#...#...#...#.#
.....~~
....#.#.#.#.#.#.##
.....~~
............#####
...P~~
............# ..
...[.~
###........##..
......


You could see an iguana and a kobold.

Vanquished Creatures
  A scorpion (D:4)
  A jelly (D:4)
  A hound (D:4)
  4 adders
  2 shadow imps (D:4)
  3 white imps (D:4)
  A worm (D:3)
  An orc (D:4)
  7 endoplasms
  3 giant cockroaches
  14 goblins
  8 hobgoblins
  3 jackals (D:2)
  3 quokkas
  5 ball pythons
  2 bats
  5 frilled lizards
  8 kobolds
  11 rats
83 creatures vanquished.

Vanquished Creatures (others)
  2 demonic plants (D:4)
2 creatures vanquished.

Grand Total: 85 creatures vanquished

Notes
Turn   | Place    | Note
-------+----------+-------------------------------------------
     0 | D:1      | mopl the Merfolk Warper began the quest for the Orb.
     0 | D:1      | Reached XP level 1. HP: 16/16 MP: 3/3
   292 | D:1      | Reached XP level 2. HP: 22/22 MP: 5/5
   609 | D:1      | Found a faded altar of an unknown god.
   821 | D:2      | Learned a level 2 spell: Blink
   824 | D:2      | Learned a level 2 spell: Lesser Beckoning
   849 | D:2      | Reached skill level 3 in Dodging
   860 | D:2      | Reached skill level 3 in Long Blades
   860 | D:2      | Reached XP level 3. HP: 28/28 MP: 6/6
   927 | D:2      | Reached skill level 1 in Armour
  1333 | D:3      | Reached XP level 4. HP: 30/34 MP: 7/7
  1569 | D:3      | Found an ornate altar of the Wu Jian Council.
  1569 | D:3      | Found a snail-covered altar of Cheibriados.
  1866 | D:4      | Reached XP level 5. HP: 20/39 MP: 8/8
  1886 | D:4      | Reached skill level 4 in Long Blades
  2007 | D:4      | Learned a level 3 spell: Vhi's Electric Charge
  2066 | D:4      | Found a white marble altar of Elyvilon.
  2155 | D:4      | Reached skill level 3 in Fighting
  2155 | D:4      | Reached skill level 3 in Translocations
  2155 | D:4      | Reached XP level 6. HP: 13/47 MP: 10/10
  2407 | D:4      | Reached skill level 4 in Dodging
  2458 | D:4      | Slain by an iguana

Illustrated notes

Levels and vault maps discovered:
D:1:      onia_arrival_mini_maze_b, layout_loops_ring,
          ebering_ecumenical_altar_ruins,
          nicolae_concentric_dashed_squares_wild, dreamdust_mushroom_princess
D:2:      cheibrodos_greedy_goblins, layout_rooms, minmay_distorted
D:3:      layout_basic, gammafunk_temple_overflow_elements
D:4:      layout_basic, elyvilon_altar_5, nemelex_dance_club_becter,
          serial_demonic, serial_demonic_e, serial_demonic_c, serial_demonic_f,
          serial_demonic_c, kennysheep_crisscross

Skill      XL: |  1  2  3  4  5  6 |
---------------+-------------------+-----
Dodging        | 3 4 |  4.0
Long Blades    | 3 4 |  4.5
Armour         | 1 |  1.6
Fighting       | 3 |  3.2
Translocations | 3 |  3.1
Throwing       | |  1.0
Spellcasting   | |  2.9

Action                     |  1- 3 |  4- 6 || total
---------------------------+-------+-------++-------
  Melee: Falchion          |   133 |   148 ||   281
         Punch             |       |     1 ||     1
   Cast: Blink             |       |     1 ||     1
    Use: Potion            |       |     1 ||     1
         Scroll            |       |     5 ||     5
   Stab: Sleeping          |     1 |       ||     1
 Armour: Leather armour    |    46 |     9 ||    55
         Ring mail         |       |    58 ||    58
  Dodge: Dodged            |    80 |   107 ||   187

Table legend: (Time is in decaauts)
 A = Elapsed time spent in this place.
 B = Non-inter-level travel time spent in this place.
 C = Inter-level travel time spent in this place.
 D = Time resting spent in this place.
 E = Time spent auto-exploring this place.
 F = Levels seen in this place.
 G = Mean time per level.
                   A        B        C        D        E       F      G
               +--------+--------+--------+--------+--------+-----+--------+
         Total |   2492 |   2429 |     63 |    241 |   1551 |   4 |  623.0 |
       Dungeon |   2492 |   2429 |     63 |    241 |   1551 |   4 |  623.0 |
               +--------+--------+--------+--------+--------+-----+--------+

Top non-repeatable levels by time:
     D:1: 759 daAuts
     D:4: 651 daAuts
     D:2: 583 daAuts
     D:3: 498 daAuts
